 Dungeon Crawl Stone Soup version 0.31.0-11-ge490571c62 (webtiles) character file.

Game seed: 17110515123786912030

8257 Amelense the Basher (level 11, -1/130 HPs)
             Began as an Oni Monk on Feb 9, 2024.
             Was an Elder of Cheibriados.
             Slain by a two-headed ogre
             ... wielding a +0 dire flail
              (24 damage)
             ... on level 11 of the Dungeon.
             The game lasted 00:55:20 (13280 turns).

Amelense the Basher (Oni Monk)                     Turns: 13280, Time: 00:55:21

Health: -1/130     AC:  6    Str: 30    XL:     11   Next: 28%
Magic:  11/11      EV: 16    Int: 20    God:    Cheibriados [****..]
Gold:   509        SH:  0    Dex: 20    Spells: 10/10 levels left

rFire   . . .        B - +0 giant spiked club
rCold   . . .        (shield currently unavailable)
rNeg    . . .        t - +0 steam dragon scales
rPois   .            (helmet restricted)
rElec   .            (no cloak)
rCorr   .            (gloves unavailable)
SInv    .            (boots unavailable)
Will    +....        (no amulet)
Stlth   ++           f - +5 ring of evasion
HPRegen 0.41/turn    D - +4 ring of slaying
MPRegen 0.12/turn

%: no passive effects
@: lethally poisoned (-1 -> -8), very slow
A: large, unfitting armour, horns 1, tough skin 1, double potion healing,
drunken brawling, talons 1, inability to drink after injury 1
a: Renounce Religion, Bend Time, Temporal Distortion, Slouch


You were on level 11 of the Dungeon.
You worshipped Cheibriados.
Cheibriados was greatly pleased with you.
You visited 1 branch of the dungeon, and saw 11 of its levels.

You collected 509 gold pieces.

Inventory:

Hand Weapons
 a - a +0 mace
 e - a +3 flail
 g - a +0 flail
 A - a +0 dire flail
 B - a +0 giant spiked club (weapon)
 C - a +1 giant club
 E - a +0 dire flail of holy wrath
Missiles
 q - 2 curare-tipped darts
Armour
 b - a +1 robe
 d - an orb of light
 t - +0 steam dragon scales (worn)
 v - an orb of wrath
 z - the +3 chain mail of the Pink Corner {rF++ Str+2}
   (You found it on level 6 of the Dungeon)

   Str+2:     It affects your strength (+2).
   rF++:      It greatly protects you from fire.
Jewellery
 c - a ring of wizardry
 f - a +5 ring of evasion (left hand)
 h - a ring of fire
 j - a ring of protection from fire
 k - a ring of ice
 r - a +6 ring of strength
 y - a +5 ring of evasion
 D - a +4 ring of slaying (right hand)
Wands
 G - a wand of flame (30)
 I - a wand of digging (2)
 K - a wand of paralysis (6)
Scrolls
 l - 4 scrolls of noise
 m - a scroll of poison
 n - a scroll of fog
 p - 3 scrolls of teleportation
 s - a scroll of amnesia {unknown}
 u - a scroll of identify
 J - a scroll of fear {unknown}
 L - a scroll of enchant armour
Potions
 o - a potion of attraction
 w - a potion of enlightenment
 H - 2 potions of degeneration


   Skills:
 - Level 14.1 Fighting
 * Level 14.4 Maces & Flails
 - Level 2.6 Dodging
 - Level 1.2 Invocations


You had 10 spell levels left.
You didn't know any spells.
Your spell library contained the following spells:

 Spells                   Type           Power      Damage    Failure   Level
 Sandblast                Erth           0%         2d4       19%         1
 Shock                    Conj/Air       0%         1d3       19%         1
 Slow                     Hex            0%         N/A       19%         1
 Cigotuvi's Dreadful Rot  Necr/Alch/Air  0%         N/A       28%         2
 Ensorcelled Hibernation  Hex/Ice        0%         N/A       28%         2
 Lesser Beckoning         Tloc           0%         N/A       28%         2
 Confusing Touch          Hex            0%         N/A       50%         3
 Gell's Gravitas          Tloc           0%         N/A       50%         3
 Ozocubu's Armour         Ice            0%         N/A       50%         3
 Passwall                 Erth           0%         N/A       50%         3
 Sigil of Binding         Hex            0%         N/A       50%         3
 Stone Arrow              Conj/Erth      0%         3d7       50%         3
 Swiftness                Air            0%         N/A       50%         3
 Teleport Other           Tloc           0%         N/A       50%         3
 Tukima's Dance           Hex            0%         N/A       50%         3
 Vampiric Draining        Necr           0%         2d6       50%         3
 Airstrike                Air            0%         2d(0-16)  88%         4
 Brom's Barrelling Bould  Conj/Erth      0%         2d3       88%         4
 Cause Fear               Hex            0%         N/A       88%         4
 Dimensional Bullseye     Hex/Tloc       0%         N/A       88%         4
 Dispel Undead            Necr           0%         3d6       88%         4
 Iskenderun's Mystic Bla  Conj/Tloc      0%         2d3       88%         4
 Martyr's Knell           Necr/Summ      0%         N/A       88%         4
 Passage of Golubria      Tloc           0%         N/A       88%         4
 Fireball                 Conj/Fire      0%         3d3       99%         5
 Metabolic Englaciation   Hex/Ice        0%         N/A       99%         5
 Yara's Violent Unravell  Hex/Alch       0%         3d3       99%         5
 Death Channel            Necr           0%         N/A       100%        6
 Sculpt Simulacrum        Ice/Alch       0%         N/A       100%        6
 Dragon's Call            Summ           0%         N/A       100%        9


Dungeon Overview and Level Annotations

Branches:
Dungeon (11/15)               Orc (0/2) D:10
 Temple: D:4-7         Lair: D:8-11

Altars:
Cheibriados
Elyvilon
Fedhas
Gozag
Sif Muna
Trog
Xom
Yredelemnul
The Shining One

Shops:
D:5 [   D:9 *   D:10 (

Annotations:
D:7 3 runed translucent doors, Killerpretzel's ghost, novice OpSh
D:10 Amaemon


Innate Abilities, Weirdness & Mutations

You are too large for most types of armour.
You have a pair of small horns on your head.
You have tough skin. (AC +1)
You gain doubled healing and magic from potions.
Whenever you drink a healing potion, you attack all around you.
You have sharp toenails.
You occasionally lose the ability to drink potions when taking damage.


Message History

The two-headed ogre misses you. x2
The two-headed ogre attacks as it pursues you!
The two-headed ogre closely misses you. The two-headed ogre barely misses you.
The scorpion barely misses you.
There is a stone staircase leading down here.
You can't go up here!
The two-headed ogre hits you with a +0 dire flail!!
The two-headed ogre hits you with a +0 giant club!
The scorpion stings you.
You are poisoned.
The scorpion poisons you! The scorpion stings you.
You are more poisoned.
The scorpion poisons you!
You climb downwards.
You feel very sick.
There is a stone staircase leading up here.
You hit the two-headed ogre. You claw the two-headed ogre.
The two-headed ogre is lightly wounded.
You feel very sick. The two-headed ogre barely misses you.
The two-headed ogre hits you with a +0 giant club!
* * * LOW HITPOINT WARNING * * *
You thump the two-headed ogre! You claw the two-headed ogre!
The two-headed ogre is heavily wounded.
You feel very sick.
The two-headed ogre hits you with a +0 dire flail!!
* * * LOW HITPOINT WARNING * * *
The two-headed ogre misses you.
You take a swig of the potion and twirl your +0 giant spiked club.
You completely miss the two-headed ogre.
You headbutt the two-headed ogre.
The two-headed ogre is heavily wounded.
You savour every drop.
You feel much better.
You feel sick.
You hit the two-headed ogre. You claw the two-headed ogre.
The two-headed ogre is severely wounded.
You feel very sick.
The two-headed ogre hits you with a +0 dire flail!
* * * LOW HITPOINT WARNING * * *
The two-headed ogre hits you with a +0 giant club!!
You die...

###
...
.. #.
##.##
#...+
#..@#
#..O#
###.#
###


You could see a two-headed ogre.

Vanquished Creatures
  A hydra (D:9)
  3 two-headed ogres
  An ogre mage (D:9)
  Sigmund (D:6)
  A wraith (D:10)
  3 wyverns
  3 yaks
  Grum (D:9)
  A steam dragon (D:9)
  An ice beast (D:6)
  5 orc warriors
  A black bear (D:8)
  2 sky beasts (D:7)
  2 ogres
  5 centaurs
  2 wolves (D:9)
  2 kobold brigands
  2 bullfrogs
  8 wights
  16 killer bees
  4 howler monkeys
  4 hounds
  6 orc priests
  A sleepcap (D:8)
  4 iguanas
  6 orc wizards
  3 adders
  A shadow imp (D:7)
  2 white imps (D:6)
  A dart slug (D:1)
  33 orcs
  6 ball pythons
  8 bats
  8 endoplasms
  A giant cockroach (D:1)
  9 goblins
  4 hobgoblins
  4 jackals (D:1)
  4 quokkas
  3 frilled lizards
  15 kobolds
  2 rats
190 creatures vanquished.

Notes
Turn   | Place    | Note
-------+----------+-------------------------------------------
     0 | D:1      | Amelense the Oni Monk began the quest for the Orb.
     0 | D:1      | Reached XP level 1. HP: 24/24 MP: 1/1
   160 | D:1      | Reached XP level 2. HP: 18/32 MP: 2/2
   520 | D:1      | Reached XP level 3. HP: 40/40 MP: 3/3
   994 | D:2      | Found a faded altar of an unknown god.
  1280 | D:2      | Reached XP level 4. HP: 71/71 MP: 4/4
  1512 | D:3      | Reached XP level 5. HP: 67/79 MP: 5/5
  1636 | D:3      | Found a glowing golden altar of the Shining One.
  1926 | D:3      | Found a bloodstained altar of Trog.
  2096 | D:4      | You fall into a shaft and drop 1 floor!
  2096 | D:5      | Entered Level 5 of the Dungeon
  2131 | D:5      | Found Rocw's Antique Armour Shop.
  2198 | D:5      | Reached skill level 5 in Maces & Flails
  2198 | D:5      | Reached XP level 6. HP: 30/88 MP: 6/6
  2786 | D:6      | Noticed an orc warrior
  2820 | D:5      | Killed an orc warrior
  3108 | D:5      | Reached XP level 7. HP: 88/94 MP: 7/7
  5664 | D:6      | Identified the +3 chain mail of the Pink Corner {rF++
                  | Str+2}
  5702 | D:6      | Noticed Sigmund
  5713 | D:6      | Killed Sigmund
  5714 | D:6      | Reached XP level 8. HP: 92/102 MP: 8/8
  5808 | D:6      | Identified the +1 ring mail "Wamnoh" {Dex+2}
  6224 | D:7      | Found a runed translucent gate.
  6224 | D:7      | Found a runed translucent gate.
  6224 | D:7      | Found a runed translucent gate.
  6233 | D:7      | Found an opulent altar of Gozag.
  6236 | D:7      | Noticed Killerpretzel's ghost (novice OpSh)
  6239 | D:7      | Noticed a cyclops
  6303 | D:7      | Found a shimmering blue altar of Sif Muna.
  6343 | D:7      | Found a shimmering altar of Xom.
  6886 | D:7      | HP: 5/105 [killer bee (7)]
  7180 | D:8      | Noticed a yak
  7181 | D:8      | Noticed a yak
  7195 | D:7      | Reached XP level 9. HP: 24/113 MP: 9/9
  7825 | D:7      | Reached skill level 10 in Maces & Flails
  9279 | D:8      | Found a snail-covered altar of Cheibriados.
  9285 | D:8      | Became a worshipper of Cheibriados the Contemplative
  9285 | D:8      | Reached * piety under Cheibriados
  9285 | D:8      | Reached ** piety under Cheibriados
  9311 | D:8      | Reached XP level 10. HP: 44/118 MP: 10/10
 10009 | D:8      | HP: 4/122 [killer bee (7)]
 10014 | D:8      | HP: 2/122 [poisoned by a killer bee]
 10016 | D:8      | Gained mutation: You occasionally lose the ability to drink
                  | potions when taking damage. [potion of mutation]
 10016 | D:8      | Gained mutation: You have sharp toenails. [potion of
                  | mutation]
 10681 | D:9      | Found Gozag's Platinum Reserve.
 10685 | D:9      | Found an opulent altar of Gozag.
 10706 | D:9      | Noticed Grum
 10713 | D:9      | Killed Grum
 11134 | D:9      | Found a basalt altar of Yredelemnul.
 11177 | D:9      | Noticed a four-headed hydra
 11186 | D:9      | Killed a four-headed hydra
 11456 | D:9      | Found a white marble altar of Elyvilon.
 12082 | D:10     | Entered Level 10 of the Dungeon
 12082 | D:10     | Noticed a two-headed ogre
 12082 | D:10     | Noticed a two-headed ogre
 12083 | D:10     | Noticed a two-headed ogre
 12084 | D:10     | Noticed an ogre mage
 12085 | D:10     | Noticed a two-headed ogre
 12086 | D:10     | Noticed a two-headed ogre
 12092 | D:9      | Reached skill level 1 in Invocations
 12094 | D:9      | Killed a two-headed ogre
 12249 | D:9      | Reached *** piety under Cheibriados
 12397 | D:10     | Found a blossoming altar of Fedhas.
 12462 | D:10     | Found a staircase to the Orcish Mines.
 12629 | D:10     | Found Reluac's Weapon Shoppe.
 12653 | D:10     | Noticed an orange demon
 12683 | D:9      | Killed an ogre mage
 12684 | D:9      | Reached XP level 11. HP: 125/130 MP: 11/11
 12893 | D:10     | Killed a two-headed ogre
 12921 | D:10     | Reached **** piety under Cheibriados
 12924 | D:10     | Killed a two-headed ogre
 13264 | D:10     | Noticed Amaemon
 13280 | D:11     | Slain by a two-headed ogre

Illustrated notes

Levels and vault maps discovered:
D:1:      minmay_arrival_checkered_box, layout_loops_cross,
          minmay_tree_intersection
D:2:      cheibrodos_helix_gallery, layout_basic, shapermc_ecumenical_altar_gd,
          minmay_tetromino_i4
D:3:      layout_basic, mainiacjoe_overflow_tiny_flanked, bloody_trog
D:4:      minmay_octagon_keep, layout_loops_corners, grunt_qazlal_clouds,
          minmay_temple_entry_stoned_glass
D:5:      layout_rooms, serial_shops, shop
D:6:      layout_cave_pools, uniq_sigmund
D:7:      layout_basic, nicolae_sif_muna_condensation,
          mainiacjoe_overflow_cross_hatched, ebering_ghost_gozag
D:8:      layout_cave_pools, lemuel_crystal_altar, enter_bailey_3,
          minmay_circle_x
D:9:      nicolae_cairo_tiling, layout_loops_ring,
          nicolae_gozag_zags_fifth_avenue, kennysheep_mini,
          lemuel_coloured_pillars_altar, lightli_fourway_metalbox, uniq_grum
D:10:     layout_cave_pools, mainiacjoe_overflow_paths, erik_lair_dragon,
          serial_shops, nicolae_shop_bloodbath_and_beyond, minmay_crystal_room,
          uniq_amaemon
D:11:     regret_index_infernal_bastille, layout_gridville

Skill      XL: |  1  2  3  4  5  6  7  8  9 10 11 |
---------------+----------------------------------+-----
Maces & Flails | 4 5 6 7 9 11 13 14 | 14.4
Fighting       | 14 | 14.1
Invocations    | 1 |  1.2
Dodging        | |  2.6

Action                     |  1- 3 |  4- 6 |  7- 9 | 10-12 || total
---------------------------+-------+-------+-------+-------++-------
  Melee: Mace              |    88 |    60 |       |       ||   148
         Headbutt          |    22 |    19 |    46 |    22 ||   109
         Flail             |       |    27 |    44 |       ||    71
         Giant club        |       |       |   153 |    46 ||   199
         Giant spiked club |       |       |       |    56 ||    56
         Kick              |       |       |       |    21 ||    21
 Invoke: Bend Time         |       |       |       |     1 ||     1
    Use: Potion            |     1 |     3 |     3 |     9 ||    16
         Scroll            |     1 |     3 |    12 |     3 ||    19
 Armour: Robe              |    44 |    50 |   198 |    53 ||   345
         Steam dragon scal |       |       |       |    93 ||    93
  Dodge: Dodged            |    90 |    86 |   259 |   195 ||   630
